 Dungeon Crawl Stone Soup version 0.27-a0-1529-g1e82c303ef (webtiles) character file.

Game seed: 10495911759436654275

2422 funkygono the Shield-Bearer (level 9, -7/74 HPs)
             Began as a Gnoll Fighter on July 12, 2021.
             Mangled by Pikel (19 damage)
             ... on level 7 of the Dungeon.
             The game lasted 00:15:05 (7556 turns).

funkygono the Shield-Bearer (Gnoll Fighter)         Turns: 7556, Time: 00:15:07

Health: -7/74      AC: 18    Str: 18    XL:     9   Next: 48%
Magic:  15/15      EV:  7    Int: 11    God:
Gold:   1276       SH: 10    Dex: 11    Spells: 14/16 levels left

rFire    + . .     SeeInvis +   a - +0 long sword
rCold    . . .     Faith    .   c - +0 kite shield
rNeg     . . .     Spirit   .   h - +0 chain mail
rPois    +         Reflect  .   u - +0 helmet
rElec    .         Harm     .   A - +0 cloak
rCorr    .         Rampage  .   y - +0 pair of gloves
Will     .....                  (no boots)
Stlth    ..........             r - amulet of regeneration
HPRegen  1.22/turn              g - ring of Vantuom {rPois rF+ AC+4 Str+2}
MPRegen  0.14/turn              t - ring of see invisible

@: no status effects
A: fangs 1, strong nose, distributed training
a: no special abilities


You were on level 7 of the Dungeon.
You visited 2 branches of the dungeon, and saw 8 of its levels.

You collected 1276 gold pieces.

Inventory:

Hand Weapons
 a - a +0 long sword (weapon)
 o - a +2 short sword of speed
 v - a +0 flail of protection
 w - a +0 shortbow
Missiles
 e - 169 stones (quivered)
 l - 47 poisoned darts
 n - 124 arrows
 F - 3 javelins
Armour
 b - a +0 scale mail
 c - a +0 kite shield (worn)
 h - a +0 chain mail (worn)
 u - a +0 helmet (worn)
 y - a +0 pair of gloves (worn)
 A - a +0 cloak (worn)
 B - a +0 leather armour
Magical Staves
 m - a staff of cold
Jewellery
 f - a +6 ring of dexterity
 g - the ring of Vantuom (left hand) {rPois rF+ AC+4 Str+2}
   (You acquired it on level 5 of the Dungeon)

   [ring of protection]

   AC:        It affects your AC (+4).
   Str:       It affects your strength (+2).
   rF:        It protects you from fire.
   rPois:     It protects you from poison.
 r - an amulet of regeneration (around neck)
 t - a ring of see invisible (right hand)
 G - an amulet of faith
 I - a ring of ice
Scrolls
 i - 2 scrolls of blinking
 j - a scroll of immolation
 p - a scroll of amnesia
 q - 4 scrolls of teleportation
 x - a scroll of vulnerability {unknown}
 E - 2 scrolls of fear
Potions
 d - 2 potions of might
 k - a potion of invisibility
 s - a potion of attraction
 z - a potion of flight {unknown}
 C - 3 potions of mutation
 D - 4 potions of curing
 J - a potion of lignification {unknown}


   Skills:
 + Level 7.9 Fighting
 + Level 4.3 Short Blades
 + Level 6.3 Long Blades
 + Level 4.3 Axes
 + Level 4.3 Maces & Flails
 + Level 4.3 Polearms
 + Level 4.3 Staves
 + Level 4.3 Slings
 + Level 4.3 Bows
 + Level 4.3 Crossbows
 + Level 4.3 Throwing
 + Level 7.9 Armour
 + Level 4.3 Dodging
 + Level 4.3 Stealth
 + Level 7.9 Shields
 + Level 4.3 Unarmed Combat
 + Level 4.3 Spellcasting
 + Level 3.5 Conjurations
 + Level 3.5 Hexes
 + Level 3.5 Summonings
 + Level 3.5 Necromancy
 + Level 3.5 Translocations
 + Level 3.5 Transmutations
 + Level 3.5 Fire Magic
 + Level 3.5 Ice Magic
 + Level 3.5 Air Magic
 + Level 3.5 Earth Magic
 + Level 3.5 Poison Magic
 + Level 4.7 Invocations
 + Level 4.3 Evocations


You had 14 spell levels left.
You knew the following spells:

 Your Spells              Type           Power      Damage    Failure   Level
a - Foxfire               Conj/Fire      40%        2x1d6     78%         1
b - Sting                 Tmut/Pois      40%        1d5       78%         1

Your spell library contained the following spells:

 Spells                   Type           Power      Damage    Failure   Level
 Passwall                 Tmut/Erth      8%         N/A       89%         2
 Conjure Flame            Conj/Fire      10%        6-21      98%         3
 Gell's Gravitas          Tloc           5%         N/A       98%         3
 Inner Flame              Hex/Fire       10%        N/A       98%         3
 Lesser Beckoning         Tloc           5%         N/A       98%         3
 Swiftness                Air            10%        N/A       98%         3
 Teleport Other           Tloc           10%        N/A       98%         3
 Invisibility             Hex            5%         N/A       100%        6


Dungeon Overview and Level Annotations

Branches:
Dungeon (7/15)             Temple (1/1) D:4

Altars:
Ashenzari
Cheibriados
Dithmenos
Elyvilon
Fedhas
Gozag
Kikubaaqudgha
Makhleb
Nemelex Xobeh
Trog
Uskayaw
Vehumet
Xom
Yredelemnul
Zin
Lugonu

Shops:
D:3 *

Annotations:
D:7 Pikel


Innate Abilities, Weirdness & Mutations

You have very sharp teeth.
Your uncanny sense of smell can sniff out nearby items.
Your experience applies equally to all skills.


Message History

Pikel hits you with a +0 whip of electrocution.
You hit Pikel.
Pikel is moderately wounded.
Pikel barely misses you.
You riposte.
You hit Pikel.
Pikel is moderately wounded.
You slash Pikel!
Pikel is heavily wounded.
Pikel barely misses you.
You closely miss Pikel.
Pikel is heavily wounded.
Pikel hits you but does no damage. x2
You hit Pikel.
Pikel is severely wounded.
Pikel hits you with a +0 whip of electrocution.
You slash Pikel!
Pikel is almost dead.
You block Pikel's attack.
You closely miss Pikel.
Pikel is almost dead.
Pikel hits you with a +0 whip of electrocution.
You hit Pikel but do no damage.
Pikel is almost dead.
You block Pikel's attack.
Pikel hits you with a +0 whip of electrocution.
You are electrocuted!
You hit Pikel but do no damage.
Pikel is almost dead.
Pikel hits you but does no damage.
You are electrocuted!
You hit Pikel. You bite Pikel, but do no damage.
Pikel is almost dead.
Pikel hits you with a +0 whip of electrocution!
You are electrocuted!
* * * LOW HITPOINT WARNING * * *
You hit Pikel but do no damage.
Pikel is almost dead.
Pikel barely misses you.
Pikel hits you with a +0 whip of electrocution.
* * * LOW HITPOINT WARNING * * *
You are electrocuted!!
You die...

♣≈PP♣.......## #...........
#♣≈≈....)..5.##.......<....
..≈.......##.##............
#..(......###...............
#......#### ##).............
....### ##55.............
#### #55#............. #
##K##.............
≈P♣####@####...........#
≈P≈.....# #...........#
≈≈......## #...........#
.........####.........##
........................
...........####.....####
.......##### ####### ##...##
####


You could see Pikel and 4 lemures.

Vanquished Creatures
  2 water moccasins
  An ice beast (D:6)
  3 orc warriors
  3 ogres
  A necrophage (D:6)
  2 phantoms
  A centaur (D:5)
  2 kobold brigands
  A bullfrog (D:7)
  2 scorpions
  2 water moccasin zombies (D:5)
  A water moccasin skeleton (D:4)
  2 howler monkeys (D:5)
  A centaur zombie (D:6)
  A gnoll shaman (D:5)
  5 hounds
  A jelly (D:6)
  3 orc priests
  A bullfrog skeleton (D:5)
  An iguana (D:4)
  A scorpion zombie (D:5)
  3 orc wizards (D:6)
  A killer bee zombie (D:6)
  6 gnolls
  A howler monkey skeleton (D:4)
  4 adders
  A shadow imp (D:6)
  A white imp (D:6)
  2 ufetubi (D:5)
  2 worms
  2 dart slugs
  8 orcs
  7 endoplasms
  A giant cockroach (D:2)
  A hobgoblin (D:4)
  11 jackals
  13 kobolds
  A quokka (D:1)
  3 ball pythons
  2 bats (D:2)
  A frilled lizard (D:2)
  5 goblins
  7 rats
120 creatures vanquished.

Vanquished Creatures (others)
  A kobold (D:7)
  6 foxfires (D:6)
  2 plants (D:7)
9 creatures vanquished.

Grand Total: 129 creatures vanquished

Notes
Turn   | Place    | Note
-------+----------+-------------------------------------------
     0 | D:1      | funkygono the Gnoll Fighter began the quest for the Orb.
     0 | D:1      | Reached XP level 1. HP: 23/23 MP: 1/1
    41 | D:1      | Reached XP level 2. HP: 8/29 MP: 2/2
   771 | D:1      | Found a faded altar of an unknown god.
   858 | D:1      | Got Plato's Papyrus of Transformation
   967 | D:1      | Learned a level 1 spell: Foxfire
   969 | D:1      | Learned a level 1 spell: Sting
  1007 | D:1      | Reached XP level 3. HP: 29/35 MP: 2/4
  1302 | D:2      | Reached skill level 1 in Invocations
  1910 | D:2      | Identified a scroll of acquirement
  1910 | D:2      | Acquired 944 gold pieces
  1955 | D:3      | Reached skill level 1 in Short Blades
  1955 | D:3      | Reached skill level 1 in Axes
  1955 | D:3      | Reached skill level 1 in Maces & Flails
  1955 | D:3      | Reached skill level 1 in Polearms
  1955 | D:3      | Reached skill level 1 in Staves
  1955 | D:3      | Reached skill level 1 in Slings
  1955 | D:3      | Reached skill level 1 in Bows
  1955 | D:3      | Reached skill level 1 in Crossbows
  1955 | D:3      | Reached skill level 1 in Throwing
  1955 | D:3      | Reached skill level 1 in Dodging
  1955 | D:3      | Reached skill level 1 in Stealth
  1955 | D:3      | Reached skill level 1 in Unarmed Combat
  1955 | D:3      | Reached skill level 1 in Spellcasting
  1955 | D:3      | Reached skill level 1 in Evocations
  1979 | D:3      | Reached XP level 4. HP: 29/41 MP: 5/5
  2086 | D:3      | Noticed a kobold brigand
  2098 | D:3      | HP: 2/41 [poisoned by a kobold brigand]
  2102 | D:3      | Killed a kobold brigand
  2103 | D:3      | Reached skill level 1 in Conjurations
  2103 | D:3      | Reached skill level 1 in Hexes
  2103 | D:3      | Reached skill level 1 in Summonings
  2103 | D:3      | Reached skill level 1 in Necromancy
  2103 | D:3      | Reached skill level 1 in Translocations
  2103 | D:3      | Reached skill level 1 in Transmutations
  2103 | D:3      | Reached skill level 1 in Fire Magic
  2103 | D:3      | Reached skill level 1 in Ice Magic
  2103 | D:3      | Reached skill level 1 in Air Magic
  2103 | D:3      | Reached skill level 1 in Earth Magic
  2103 | D:3      | Reached skill level 1 in Poison Magic
  2103 | D:3      | Reached XP level 5. HP: 2/47 MP: 5/7
  2494 | D:3      | Found a shadowy altar of Dithmenos.
  2572 | D:3      | Found Iriuhew's Assorted Antiques.
  3452 | D:4      | Found a staircase to the Ecumenical Temple.
  3457 | Temple   | Entered the Ecumenical Temple
  3773 | D:4      | Reached XP level 6. HP: 34/53 MP: 8/8
  4083 | D:4      | Reached skill level 5 in Long Blades
  4255 | D:4      | Found a snail-covered altar of Cheibriados.
  4466 | D:5      | Entered Level 5 of the Dungeon
  4470 | D:5      | Found a sparkling altar of Nemelex Xobeh.
  4590 | D:5      | Reached XP level 7. HP: 34/59 MP: 10/10
  4919 | D:5      | Found a radiant altar of Vehumet.
  5200 | D:5      | Reached XP level 8. HP: 59/67 MP: 12/12
  6067 | D:5      | Acquired the ring of Vantuom {rPois rF+ AC+4 Str+2}
  6573 | D:6      | Reached XP level 9. HP: 71/72 MP: 14/14
  7372 | D:7      | Found a white marble altar of Elyvilon.
  7374 | D:7      | Found a shimmering altar of Xom.
  7412 | D:7      | Found a burning altar of Makhleb.
  7414 | D:7      | Found a bloodstained altar of Trog.
  7528 | D:7      | Noticed Pikel
  7556 | D:7      | Mangled by Pikel

Illustrated notes

Levels and vault maps discovered:
D:1:      amcnicky_arrival_single_pillar, layout_rooms,
          shapermc_ecumenical_altar_rom_forum, st_stairs_8, lemuel_flame_loot_1
D:2:      layout_loops_ring, kennysheep_cross_bottleneck
D:3:      layout_basic, nicolae_dithmenos_the_darkroom, serial_shops,
          nicolae_square_shop, grunt_ministairs_6
D:4:      layout_loops_corners, cheibrodos_worm_habitat, temple_doors_e,
          dk_noncrumbling_4, minmay_misc_feat_x, st_stairs_11,
          minmay_misc_feat_alley
D:5:      layout_loops_ring, vehumet_crystals, lemuel_crystal_altar,
          kennysheep_nub, item_on_display_a
D:6:      layout_basic, bh_walls_and_bars
D:7:      layout_cave_pods, grunt_temple_overflow_open, marbit_many_paths,
          serial_bayou, serial_bayou_shore_a, serial_bayou_lake_a,
          serial_bayou_ford_a, serial_bayou_pond_e, minmay_misc_feat_diagonals,
          uniq_menkaure, uniq_pikel, uniq_harold
Temple:   corrupted_temple

Skill      XL: |  1  2  3  4  5  6  7  8  9 |
---------------+----------------------------+-----
Invocations    | 1 2 3 4 |  4.7
Short Blades   | 1 2 3 4 |  4.3
Axes           | 1 2 3 4 |  4.3
Maces & Flails | 1 2 3 4 |  4.3
Polearms       | 1 2 3 4 |  4.3
Staves         | 1 2 3 4 |  4.3
Slings         | 1 2 3 4 |  4.3
Bows           | 1 2 3 4 |  4.3
Crossbows      | 1 2 3 4 |  4.3
Throwing       | 1 2 3 4 |  4.3
Dodging        | 1 2 3 4 |  4.3
Stealth        | 1 2 3 4 |  4.3
Unarmed Combat | 1 2 3 4 |  4.3
Spellcasting   | 1 2 3 4 |  4.3
Evocations     | 1 2 3 4 |  4.3
Conjurations   | 1 2 3 |  3.5
Hexes          | 1 2 3 |  3.5
Summonings     | 1 2 3 |  3.5
Necromancy     | 1 2 3 |  3.5
Translocations | 1 2 3 |  3.5
Transmutations | 1 2 3 |  3.5
Fire Magic     | 1 2 3 |  3.5
Ice Magic      | 1 2 3 |  3.5
Air Magic      | 1 2 3 |  3.5
Earth Magic    | 1 2 3 |  3.5
Poison Magic   | 1 2 3 |  3.5
Long Blades    | 5 6 |  6.3
Fighting       | 7 |  7.9
Armour         | 7 |  7.9
Shields        | 7 |  7.9

Action                   |  1- 3 |  4- 6 |  7- 9 || total
-------------------------+-------+-------+-------++-------
Melee: Long sword        |   115 |   163 |   401 ||   679
       Bite              |     9 |    30 |    60 ||    99
Throw: Stone             |     1 |     2 |       ||     3
 Cast: Foxfire           |       |       |     3 ||     3
Evoke: Wand              |       |       |     7 ||     7
  Use: Scroll            |     7 |     3 |     5 ||    15
       Potion            |       |     1 |     1 ||     2
Armor: Scale mail        |    26 |       |       ||    26
       Chain mail        |    53 |    84 |   195 ||   332
Dodge: Dodged            |    21 |    27 |   112 ||   160
Block: Kite shield       |    78 |    95 |   228 ||   401
       Rpst.: Long sword |     7 |    10 |    31 ||    48

Table legend: (Time is in decaauts)
 A = Elapsed time spent in this place.
 B = Non-inter-level travel time spent in this place.
 C = Inter-level travel time spent in this place.
 D = Time resting spent in this place.
 E = Time spent auto-exploring this place.
 F = Levels seen in this place.
 G = Mean time per level.
                   A        B        C        D        E       F      G
               +--------+--------+--------+--------+--------+-----+--------+
         Total |   7744 |   7469 |    275 |    397 |   5295 |   8 |  968.0 |
       Dungeon |   7687 |   7412 |    275 |    397 |   5295 |   7 | 1098.1 |
        Temple |     57 |     57 |      0 |      0 |      0 |   1 |   57.0 |
               +--------+--------+--------+--------+--------+-----+--------+

Top non-repeatable levels by time:
     D:5: 1837 daAuts
     D:3: 1286 daAuts
     D:4: 1232 daAuts
     D:6: 1136 daAuts
     D:1: 1031 daAuts
     D:2: 948 daAuts
     D:7: 213 daAuts
  Temple: 57 daAuts
